 Seeded DCSS version 0.30.1-4-g462c640d31 (webtiles) character file.

Game seed: 15660985446129201502 (custom seed)

3997 AccursedSamuel the Cruncher (level 10, 0/60 HPs)
             Began as a Tengu Monk on Sept 13, 2023.
             Succumbed to a kobold's poison
             ... on level 8 of the Dungeon.
             The game lasted 00:18:16 (6233 turns).

AccursedSamuel the Cruncher (Tengu Monk)            Turns: 6233, Time: 00:18:17

Health: 0/60       AC: 25    Str: 15 (17) XL:     10   Next: 23%
Magic:  11/11      EV: 12    Int:  9 (10) God:
Gold:   352        SH:  0    Dex: 16      Spells: 9/9 levels left

rFire   . . .        q - +4 quarterstaff (chaos)
rCold   + + .        (shield currently unavailable)
rNeg    . . .        x - +4 chain mail {rC+}
rPois   .            (helmet restricted)
rElec   .            r - +2 cloak
rCorr   .            e - +3 pair of gauntlets of War {Slay+5}
SInv    .            (boots unavailable)
Will    .....        (no amulet) Stlth
                     i - +4 ring of protection
HPRegen 0.30/turn    y - ring of protection from cold
MPRegen 0.12/turn

%: no passive effects
@: lethally poisoned (0 -> -2), flying quickly and evasively, quick
A: beak, talons 3, nimble flight
a: no special abilities


You were on level 8 of the Dungeon.
You visited 2 branches of the dungeon, and saw 9 of its levels.

You collected 352 gold pieces.

Inventory:

Hand Weapons
 q - a +4 quarterstaff of chaos (weapon)
Armour
 d - an orb of light
 e - the +3 pair of gauntlets of War (worn) {Slay+5}
   (You acquired it on level 1 of the Dungeon)

   Slay:      It affects your accuracy & damage with ranged weapons and melee
   (+5).
 r - a +2 cloak (worn)
 x - a +4 chain mail of cold resistance (worn)
 C - +0 steam dragon scales
Jewellery
 i - a +4 ring of protection (left hand)
 y - a ring of protection from cold (right hand)
Wands
 u - a wand of iceblast (7)
Scrolls
 f - 3 scrolls of identify
 j - 7 scrolls of teleportation
 m - a scroll of noise
 o - a scroll of immolation
 s - a scroll of blinking
Potions
 b - a potion of curing {unknown}
 c - 2 potions of ambrosia
 h - a potion of magic
 k - 2 potions of flight
 n - a potion of degeneration
 p - 2 potions of attraction
 v - a potion of haste
 w - a potion of lignification


   Skills:
 + Level 6.2 Fighting
 + Level 5.1 Axes
 + Level 10.6 Staves
 + Level 4.9 Armour
 + Level 7.5 Dodging
 + Level 3.4 Stealth


You had 9 spell levels left.
You didn't know any spells.
Your spell library contained the following spells:

 Spells                   Type           Power      Damage    Failure   Level
 Cigotuvi's Dreadful Rot  Necr/Pois/Air  0%         N/A       100%        2
 Lesser Beckoning         Tloc           0%         N/A       100%        2
 Gell's Gravitas          Tloc           0%         N/A       100%        3
 Ignite Poison            Fire/Tmut/Pois 0%         N/A       100%        3
 Teleport Other           Tloc           0%         N/A       100%        3
 Dispel Undead            Necr           0%         3d6       100%        4
 Sticky Flame             Conj/Fire      0%         2d3       100%        4
 Death Channel            Necr           0%         N/A       100%        6
 Ignition                 Fire           0%         3d3       100%        8


Dungeon Overview and Level Annotations

Branches:
Dungeon (8/15)             Temple (1/1) D:7
   Lair: D:8-11

Altars:
Cheibriados
Dithmenos
Elyvilon
Gozag
Hepliaklqana
Nemelex Xobeh
Qazlal
Ru
Uskayaw
Vehumet
Wu Jian
Yredelemnul
Zin
Lugonu

Annotations:
D:6 3 runed translucent doors, AccursedSamuel's ghost, novice TeMo


Innate Abilities, Weirdness & Mutations

You have a beak for a mouth.
You have claws for feet.
Your magical nature lets you fly swiftly and evasively.


Message History

The kobold brigand completely misses you.
The wyvern bites you but does no damage.
The water moccasin bites you but does no damage.
You feel much better.
Your surroundings suddenly seem different.
A wyvern and a centaur come into view.
Found a glowing long sword.
Found an escape hatch in the floor.
Found a stone staircase leading down.
You feel very sick.
The wyvern hisses angrily.
You hear a shout!
An orc comes into view. It is wielding a +0 whip.
The centaur hits you but does no damage.
The centaur kicks you but does no damage.
You closely miss the centaur. You claw the centaur.
The centaur is moderately wounded.
You feel sick. The centaur closely misses you.
The centaur kicks you but does no damage.
The centaur hits you but does no damage.
The centaur kicks you but does no damage.
You hit the centaur. You claw the centaur.
The centaur is severely wounded.
You feel sick. The centaur hits you.
The centaur kicks you but does no damage.
The wyvern barely misses you.
An orc wizard comes into view. It is wielding a +0 dagger.
You hit the centaur. You peck the centaur.
You kill the centaur!
You feel sick.
The wyvern bites you but does no damage.
The wyvern bites you!
* * * LOW HITPOINT WARNING * * *
Unknown command.
You feel yourself speed up.
You feel sick. The wyvern bites you!
* * * LOW HITPOINT WARNING * * *
An orc comes into view. It is wielding a +0 dagger.
The wyvern attacks as you move away! The wyvern bites you.
* * * LOW HITPOINT WARNING * * *
Found a stone staircase leading down.
You die...

#. #. #. ..
#. .#
#.####.#
###.>....#
#.......###..
#........>.>.
#....@..#
#.......#
#....l).#
#....o..#
#.......)..
####o####.##
.. .# #.. #
..o


You could see a wyvern, an orc wizard and an orc.

Vanquished Creatures
  Sigmund (D:4)
  A wyvern (D:8)
  6 yaks
  A steam dragon (D:7)
  Menkaure (D:6)
  Edmund (D:5)
  An orc warrior (D:7)
  A black bear (D:8)
  2 sky beasts
  3 centaurs
  2 ogres
  A gnoll sergeant (D:7)
  3 scorpions
  7 wights
  A howler monkey (D:6)
  A cerulean imp (D:5)
  5 hounds
  2 quasits (D:5)
  Crazy Yiuf (D:2)
  4 orc priests
  5 iguanas
  4 orc wizards
  Jessica (D:2)
  2 sleepcaps
  Ijyb (D:4)
  4 adders
  8 gnolls
  4 shadow imps
  2 white imps (D:5)
  7 ufetubi
  A worm (D:4)
  4 dart slugs
  19 orcs
  8 endoplasms
  2 giant cockroaches (D:2)
  7 goblins
  7 hobgoblins
  4 kobolds
  5 quokkas
  5 ball pythons
  2 bats
  5 frilled lizards
  7 rats
  A spectral kobold (D:2)
160 creatures vanquished.

Notes
Turn   | Place    | Note
-------+----------+-------------------------------------------
     0 | D:1      | AccursedSamuel the Tengu Monk began the quest for the Orb.
     0 | D:1      | Reached XP level 1. HP: 14/14 MP: 2/2
    64 | D:1      | Reached XP level 2. HP: 16/19 MP: 3/3
   138 | D:1      | Identified a scroll of acquirement
   138 | D:1      | Acquired the +3 pair of gauntlets of War {Slay+5}
   138 | D:1      | Found the +3 pair of gauntlets of War {Slay+5}
   289 | D:2      | Noticed Jessica
   294 | D:2      | Killed Jessica
   295 | D:2      | Reached XP level 3. HP: 10/23 MP: 4/4
   559 | D:2      | Reached XP level 4. HP: 24/28 MP: 5/5
   612 | D:2      | Found a faded altar of an unknown god.
   757 | D:2      | Found a runed translucent door.
   758 | D:2      | Noticed Crazy Yiuf
   827 | D:2      | Paralysed by Crazy Yiuf for 3 turns
   830 | D:2      | Killed Crazy Yiuf
  1158 | D:3      | Gained mutation: Your magical nature lets you fly swiftly
                  | and evasively. [Tengu growth]
  1158 | D:3      | Reached XP level 5. HP: 33/33 MP: 6/6
  1568 | D:3      | Found an ornate altar of the Wu Jian Council.
  1654 | D:4      | Reached skill level 1 in Staves
  1734 | D:4      | Reached skill level 5 in Axes
  1810 | D:4      | Reached XP level 6. HP: 36/38 MP: 7/7
  1861 | D:4      | Reached skill level 1 in Stealth
  2036 | D:4      | Reached skill level 2 in Staves
  2060 | D:4      | Noticed Sigmund
  2063 | D:4      | Noticed Ijyb
  2076 | D:4      | Killed Ijyb
  2081 | D:4      | Killed Sigmund
  2082 | D:4      | Reached skill level 3 in Staves
  2082 | D:4      | Reached XP level 7. HP: 31/44 MP: 8/8
  2560 | D:4      | Reached skill level 4 in Staves
  2560 | D:4      | Reached skill level 5 in Dodging
  2787 | D:5      | Entered Level 5 of the Dungeon
  2861 | D:5      | Reached skill level 5 in Staves
  2865 | D:5      | Found a sacrificial altar of Ru.
  3113 | D:5      | Reached XP level 8. HP: 46/48 MP: 9/9
  3185 | D:5      | Noticed Edmund
  3196 | D:5      | Killed Edmund
  3325 | D:5      | Found a white marble altar of Elyvilon.
  3455 | D:5      | Reached skill level 6 in Staves
  3979 | D:6      | Noticed Menkaure
  3984 | D:6      | Killed Menkaure
  3985 | D:6      | Reached skill level 5 in Fighting
  4117 | D:6      | Reached skill level 7 in Staves
  4158 | D:6      | Reached XP level 9. HP: 54/54 MP: 10/10
  4216 | D:6      | Found a runed translucent gate.
  4216 | D:6      | Found a runed translucent gate.
  4216 | D:6      | Found a runed translucent gate.
  4217 | D:6      | Noticed AccursedSamuel's ghost (novice TeMo)
  4242 | D:6      | Reached skill level 1 in Armour
  4777 | D:6      | Reached skill level 8 in Staves
  4903 | D:6      | Found a hide-covered altar of Uskayaw.
  5533 | D:7      | Reached skill level 9 in Staves
  5841 | D:7      | Found a staircase to the Ecumenical Temple.
  5850 | Temple   | Entered the Ecumenical Temple
  6028 | D:8      | Reached XP level 10. HP: 38/60 MP: 11/11
  6037 | D:8      | Reached skill level 10 in Staves
  6193 | D:8      | Found a corrupted altar of Lugonu.
  6193 | D:8      | Noticed a brown ugly thing
  6194 | D:8      | Noticed a red ugly thing
  6227 | D:8      | HP: 1/60 [poisoned by a kobold]
  6232 | D:8      | HP: 3/60 [wyvern (7)]
  6233 | D:8      | HP: 1/60 [wyvern (2)]
  6233 | D:8      | Succumbed to a kobold's poison

Illustrated notes

Levels and vault maps discovered:
D:1:      minmay_arrival_pointy, layout_loops_ring, minmay_gold_behind_fungi
D:2:      layout_basic, dreamdust_ecumenical_altar_drowned_temple,
          hangedman_decor_clover_reticule, fountainhead,
          uniq_crazy_yiuf_cottage, uniq_jessica
D:3:      layout_loops_ring, general_overflow_altar, serial_bayou_pond_d
D:4:      layout_basic, nicolae_eternal_life, uniq_ijyb, uniq_sigmund
D:5:      layout_layer_cave, mainiacjoe_overflow_small_starburst,
          elyvilon_altar_1, serial_demonic, serial_demonic_e, serial_demonic_b,
          serial_demonic_e, serial_demonic_a, serial_demonic_e,
          serial_demonic_e, serial_demonic_g, serial_demonic_a,
          serial_demonic_d, serial_demonic_g, uniq_edmund
D:6:      layout_basic, nicolae_uskayaw_suspiria, ebering_ghost_rock_garden,
          minivault_22, uniq_menkaure
D:7:      layout_cave_pools, minmay_temple_entry_junction_2, hex_tiny,
          nicolae_kite_square_tiling_tiny
D:8:      gammafunk_corrupted_shrine, layout_loops_cross, lemuel_crystal_altar,
          minmay_lair_entry_grove, hangedman_misty_isle
Temple:   nicolae_temple_superstar

Skill      XL: |  1  2  3  4  5  6  7  8  9 10 |
---------------+-------------------------------+-----
Axes           | 4 5 |  5.1
Dodging        | 4 5 6 7 |  7.5
Fighting       | 4 5 6 |  6.2
Staves         | 1 3 5 7 9 10 | 10.6
Stealth        | 2 3 |  3.4
Armour         | 4 |  4.9

Action                     |  1- 3 |  4- 6 |  7- 9 | 10-12 || total
---------------------------+-------+-------+-------+-------++-------
  Melee: Hand axe          |    39 |    15 |       |       ||    54
         Kick              |     6 |    19 |    44 |    10 ||    79
         Peck              |     4 |     7 |    33 |     4 ||    48
         Quarterstaff      |       |    61 |   157 |    24 ||   242
    Use: Scroll            |     1 |       |     9 |     1 ||    11
         Potion            |       |       |    10 |     1 ||    11
   Stab: Sleeping          |       |     2 |     1 |       ||     3
         Distracted        |       |     1 |       |       ||     1
         Confused          |       |       |     1 |       ||     1
 Armour: Robe              |     7 |    20 |    24 |       ||    51
         Chain mail        |       |       |   112 |    27 ||   139
         Skin              |       |       |     1 |       ||     1
  Dodge: Dodged            |    30 |    77 |   182 |    17 ||   306
